 Dungeon Crawl Stone Soup version 0.29.0-4-gdea44cf6ec (webtiles) character file.

Game seed: 9719752013916253633

86 qw the Chopper (level 4, 0/26 HPs)
             Began as a Tengu Warper on Aug 28, 2022.
             Slain by an orc
             ... wielding a +1 mace of holy wrath
              (1 damage)
             ... on level 3 of the Dungeon.
             The game lasted 00:00:15 (2145 turns).

qw the Chopper (Tengu Warper)                       Turns: 2145, Time: 00:00:15

Health: 0/26       AC: 10    Str: 13    XL:     4   Next: 49%
Magic:  0/8        EV:  3    Int: 13    God:
Gold:   113        SH:  0    Dex: 14    Spells: 7/7 levels left

rFire   + . .      SeeInvis .   Y - +0 hand axe
rCold   . . .      Faith    .   (no shield)
rNeg    . . .      Spirit   +   g - +0 plate armour
rPois   .          Reflect  .   (helmet restricted)
rElec   .          Harm     .   (no cloak)
rCorr   .          Rampage  .   (no gloves)
Will    .....                   (boots unavailable)
Stlth   ..........              i - amulet of guardian spirit
HPRegen 0.08/turn               e - ring of protection from fire
MPRegen 0.11/turn               (no ring)

@: no status effects
A: beak, talons 3
a: no special abilities


You were on level 3 of the Dungeon.
You visited 1 branch of the dungeon, and saw 3 of its levels.

You collected 113 gold pieces.


Innate Abilities, Weirdness & Mutations

You have a beak for a mouth.
You have claws for feet.


   Skills:
 - Level 2.0 Fighting
 + Level 4.7 Axes
 - Level 1.0 Throwing
 - Level 2.0 Armour
 - Level 2.1 Dodging
 - Level 2.0 Spellcasting
 - Level 2.4 Translocations


You had 7 spell levels left.
You didn't know any spells.
Your spell library contained the following spells:

 Spells                   Type           Power      Damage    Failure   Level
 Blink                    Tloc           14%        N/A       100%        2
 Gell's Gravitas          Tloc           7%         N/A       100%        3
 Lesser Beckoning         Tloc           7%         N/A       100%        3
 Teleport Other           Tloc           7%         N/A       100%        3
 Manifold Assault         Tloc           7%         N/A       100%        5

Inventory:

Hand Weapons
 d - a +0 whip
 Y - a +0 hand axe (weapon)
Armour
 g - a +0 plate armour (worn)
Jewellery
 e - a ring of protection from fire (left hand)
 i - an amulet of guardian spirit (around neck)
Potions
 b - a potion of attraction {unknown}
 c - a potion of degeneration {unknown}
 f - a potion of curing {unknown}
 l - a potion of ambrosia {unknown}

Dungeon Overview and Level Annotations

Branches:
Dungeon (3/15)

Altars:


Message History

The orc hits you with a +1 mace of holy wrath.
The orc wizard hits you with a +0 dagger.
You miss the orc. Your kick misses the orc. Your peck misses the orc.
You hit the orc wizard but do no damage.
You hit the orc.
You feel less confused. The orc hits you but does no damage. x2
The orc wizard hits you but does no damage.
You hit the orc.
You kill the orc!
You barely miss the orc wizard. You hit the orc.
The orc wizard hits you but does no damage.
The orc hits you with a +1 mace of holy wrath.
You closely miss the orc. Your kick misses the orc.
You peck the orc, but do no damage.
The orc is moderately wounded.
You hit the orc wizard.
The orc wizard hits you but does no damage.
The orc hits you with a +1 mace of holy wrath.
You hit the orc but do no damage. Your kick misses the orc. You peck the orc.
The orc is heavily wounded.
You hit the orc wizard but do no damage.
The orc wizard hits you but does no damage.
The orc hits you but does no damage.
You hit the orc but do no damage. Your kick misses the orc.
The orc is heavily wounded.
You hit the orc wizard but do no damage.
The orc wizard hits you but does no damage.
The orc hits you with a +1 mace of holy wrath.
You closely miss the orc. You peck the orc, but do no damage.
The orc is heavily wounded.
You miss the orc wizard.
The orc wizard gestures at you while chanting.
The puff of flame hits you. You resist. The orc hits you but does no damage.
You hit the orc but do no damage. Your kick misses the orc.
The orc is heavily wounded.
You barely miss the orc wizard.
The orc wizard hits you with a +0 dagger.
The orc hits you with a +1 mace of holy wrath.
You die...

#.. ......# .. #..
#.#...# .#
####..##.#... ..#.
.....>...... ....
.........#.#####..###
.....................
......(.)............
......(o)....<.......
.......@o..........".
..........!..........
#..(.##..............
.......#.............
.......#.............
.. ..................
. .......!......?...
.....##..$........
... #..........


You could see an orc wizard and an orc.

Vanquished Creatures
  3 adders (D:2)
  A worm (D:2)
  A dart slug (D:1)
  2 orcs (D:3)
  A bat (D:1)
  4 endoplasms
  3 giant cockroaches
  6 goblins
  2 hobgoblins (D:1)
  6 kobolds (D:1)
  7 quokkas
  4 ball pythons
  A frilled lizard (D:1)
  6 rats
47 creatures vanquished.

Vanquished Creatures (others)
  A plant (D:1)
1 creature vanquished.

Grand Total: 48 creatures vanquished

Notes
Turn   | Place    | Note
-------+----------+-------------------------------------------
     0 | D:1      | qw the Tengu Warper began the quest for the Orb.
     0 | D:1      | Reached XP level 1. HP: 12/12 MP: 4/4
     0 | D:1      | 0 ||| qw: Version: 0.1-a-89-g26bdef1
     0 | D:1      | 0 ||| qw: Game counter: 1276
     0 | D:1      | 0 ||| qw: Always use a shield: true
     0 | D:1      | 0 ||| qw: God list: Okawaru
     0 | D:1      | 0 ||| qw: Allow faded altars: false
     0 | D:1      | 0 ||| qw: Do Orc after D:15 true
     0 | D:1      | 0 ||| qw: Do second Lair branch before Depths: true
     0 | D:1      | 0 ||| qw: Lair rune preference: random
     0 | D:1      | 0 ||| qw: Plans: Normal
     0 | D:1      | 0 ||| PLANNING D:1-11
   151 | D:1      | Reached XP level 2. HP: 17/17 MP: 6/6
   156 | D:1      | Reached skill level 3 in Axes
   374 | D:1      | 374 ||| Stepping ~*~*~tactically~*~*~ (stealth).
   375 | D:1      | 375 ||| Stepping ~*~*~tactically~*~*~ (stealth).
   386 | D:1      | 386 ||| Stepping ~*~*~tactically~*~*~ (stealth).
   388 | D:1      | 388 ||| Stepping ~*~*~tactically~*~*~ (stealth).
   567 | D:1      | Found a faded altar of an unknown god.
   971 | D:1      | Reached XP level 3. HP: 21/21 MP: 7/7
  1265 | D:1      | 1265 ||| UPGRADING to +0 plate armour.
  1275 | D:1      | 1275 ||| DROPPING +0 leather armour.
  1276 | D:1      | 1276 ||| UPGRADING to ring of protection from fire.
  1277 | D:1      | 1277 ||| READING 2 scrolls labelled USUXZU GERIO.
  1278 | D:1      | 1278 ||| READING 2 scrolls labelled POVITS RUIPH.
  1279 | D:1      | 1279 ||| READING scroll labelled GAFIUKK BUTYC.
  1280 | D:1      | 1280 ||| DROPPING scroll of vulnerability.
  1281 | D:1      | 1281 ||| DROPPING scroll of blinking.
  1282 | D:1      | 1282 ||| DROPPING scroll of fog.
  1317 | D:2      | Reached skill level 4 in Axes
  1629 | D:2      | Reached XP level 4. HP: 24/26 MP: 8/8
  2083 | D:2      | 2083 ||| UPGRADING to amulet of guardian spirit.
  2088 | D:2      | 2088 ||| READING scroll labelled OPETIV RA BUBI.
  2089 | D:2      | 2089 ||| READING scroll labelled WEFEHO LINAQUETO.
  2094 | D:2      | 2094 ||| DRINKING 2 lumpy coppery potions.
  2095 | D:2      | 2095 ||| DROPPING potion of invisibility.
  2143 | D:3      | HP: 6/26 [orc/+1 mace of holy wrath (3)]
  2144 | D:3      | HP: 2/26 [orc wizard/puff of flame (4)]
  2145 | D:3      | Slain by an orc

Levels and vault maps discovered:
D:1:      minmay_arrival_stair_chambers, layout_rooms,
          shapermc_ecumenical_altar_mp_ritualfount, minivault_23
D:2:      layout_basic, minmay_misc_feat_x
D:3:      layout_basic, cheibrodos_gnoll_hut

Skill      XL: |  1  2  3 |
---------------+----------+-----
Axes           | 3 4 |  4.7
Armour         | 2 |  2.0
Fighting       | |  2.0
Throwing       | |  1.0
Dodging        | |  2.1
Spellcasting   | |  2.0
Translocations | |  2.4

Action                   |  1- 3 |  4- 6 || total
-------------------------+-------+-------++-------
Melee: Hand axe          |    90 |    27 ||   117
       Kick              |    15 |     8 ||    23
       Peck              |     7 |     6 ||    13
Throw: Boomerang         |     7 |       ||     7
       Javelin           |     8 |    15 ||    23
  Use: Scroll            |     3 |     2 ||     5
       Potion            |       |     1 ||     1
Armor: Leather armour    |     9 |       ||     9
       Plate armour      |    26 |    22 ||    48
Dodge: Dodged            |    41 |     1 ||    42

Table legend:
 A = Non-vault XP
 B = Vault XP
 C = Vault XP percentage of total XP
 D = Non-vault monster count
 E = Vault monster count
 F = Vault count percentage of total count
                 A         B        C        D         E       F
            +---------+---------+-------+---------+---------+-------
      Total |     123 |       0 |   0.0 |      47 |       0 |   0.0
            +---------+---------+-------+---------+---------+-------
        D:1 |      41 |       0 |   0.0 |      23 |       0 |   0.0
        D:2 |      73 |       0 |   0.0 |      20 |       0 |   0.0
        D:3 |       9 |       0 |   0.0 |       4 |       0 |   0.0
            +---------+---------+-------+---------+---------+-------
